 Dungeon Crawl Stone Soup version 0.20.0-15-g7f486f2 (webtiles) character file.

1042 grindst0ne the Grappler (level 8, -2/74 HPs)
             Began as a Ghoul Monk on June 10, 2017.
             Slain by a slave (3 damage)
             ... led by Pikel
             ... on level 5 of the Dungeon.
             The game lasted 00:13:52 (4469 turns).

grindst0ne the Grappler (Ghoul Monk)                Turns: 4469, Time: 00:13:53

Health: -2/74      AC: 13    Str: 15    XL:     8   Next: 25%
Magic:  7/7        EV:  7    Int:  5    God:
Gold:   221        SH:  0    Dex: 13    Spells: 7/7 levels left

rFire    . . .     SeeInvis .     - Unarmed
rCold    + + .     Gourm    .   (no shield)
rNeg     + + +     Faith    .   x - +3 chain mail {rC+}
rPois    ∞         Spirit   .   (no helmet)
rElec    .         Reflect  .   k - +1 cloak
rCorr    .         Harm     .   (no gloves)
MR       .....                  (no boots)
Stlth    ..........             (no amulet)
Regen    0.0/turn               (no ring)
MPRegen  0.1/turn               (no ring)

@: about to teleport, flying, rotting
A: rotting body, claws 1, carnivore 3, cold resistance 1, negative energy
resistance 3, inhibited regeneration, torment resistance, unbreathing
a: no special abilities


You were on level 5 of the Dungeon.
You were not hungry.

You visited 1 branch of the dungeon, and saw 5 of its levels.

You collected 221 gold pieces.

Inventory:

Armour
 a - a +0 robe
 k - a +1 cloak (worn)
 x - a +3 chain mail of cold resistance (worn)
Wands
 c - a wand of random effects (0/48)
 e - a wand of digging (2/24)
 p - a wand of random effects (23/48)
 u - a wand of acid (0/15)
Scrolls
 f - 2 scrolls of fog
 h - 3 scrolls of identify
 i - 4 scrolls of amnesia
 l - a scroll of fear
 o - a scroll of recharging
 s - 2 scrolls of teleportation
 v - a scroll of random uselessness {unknown}
 w - a scroll of immolation {unknown}
Potions
 j - a potion of mutation
Comestibles
 b - 4 meat rations
 g - a chunk of flesh
 n - 2 royal jellies


   Skills:
 + Level 7.9 Fighting
 - Level 2.6 Dodging
 - Level 2.1 Stealth
 + Level 8.0 Unarmed Combat


You had 7 spell levels left.
You didn't know any spells.

Dungeon Overview and Level Annotations

Branches:
Dungeon (5/15)
 Temple: D:4-7

Altars:
Ashenzari
Gozag
Hepliaklqana
Kikubaaqudgha
Nemelex Xobeh
Okawaru
Vehumet
Yredelemnul

Shops:
D:4 =

Annotations:
D:5 Pikel


Innate Abilities, Weirdness & Mutations

Your body is rotting away.
You thrive on raw meat.
You are immune to poison.
You have sharp fingernails.
You are carnivorous and can eat meat at any time.
Your flesh is cold resistant. (rC+)
You are immune to negative energy. (rN+++)
You do not regenerate when monsters are visible.
You are immune to unholy pain and torment.
You can survive without breathing.


Message History

* * * LOW HITPOINT WARNING * * *
The slave closely misses you. The slave hits you but does no damage.
The centaur hits you.
* * * LOW HITPOINT WARNING * * *
It was a potion of flight.
You feel very buoyant.
You fly up into the air.
The centaur hits you but does no damage.
The slave hits you.
* * * LOW HITPOINT WARNING * * *
The slave hits you.
* * * LOW HITPOINT WARNING * * *
Pikel hits you but does no damage. The slave hits you.
* * * LOW HITPOINT WARNING * * *
The slave hits you but does no damage.
As you read the scroll labeled ZATTUI GOOHOSS, it crumbles to dust.
You feel strangely unstable.
It was a scroll of teleportation.
The centaur hits you but does no damage.
The slave hits you.
You die...

.......... ...$......
#......... .. #.........
..####.........
...#............
......pKp........
......p@p.........
......c............
........................
........................
.......................(
#####...................
##..................
#...#..............
#..##........%.....


You could see Pikel, 4 slaves and a centaur.

Vanquished Creatures
  Grinder (D:4)
  2 ogres (D:4)
  2 phantoms
  The ghost of traurg the Covert, an amateur SpAs (D:3)
  A howler monkey (D:4)
  2 hounds (D:4)
  An orc priest (D:4)
  Ijyb (D:5)
  Terence (D:3)
  A worker ant (D:4)
  2 orc wizards (D:4)
  3 gnolls (D:4)
  4 adders
  2 oozes
  5 worms
  An adder skeleton (D:4)
  3 leopard geckos
  7 orcs (D:4)
  5 giant cockroaches
  12 goblins
  8 hobgoblins
  3 jackals (D:4)
  2 kobolds
  5 quokkas
  A ball python (D:2)
  6 bats
  7 frilled lizards
  A quokka zombie (D:4)
  4 rats
  A spectral orc (D:2)
95 creatures vanquished.

Notes
Turn   | Place    | Note
-------+----------+-------------------------------------------
     0 | D:1      | grindst0ne the Ghoul Monk began the quest for the Orb.
     0 | D:1      | Reached XP level 1. HP: 19/19 MP: 0/0
   177 | D:1      | Reached XP level 2. HP: 24/27 MP: 1/1
   648 | D:1      | Reached skill level 4 in Unarmed Combat
   698 | D:1      | Reached XP level 3. HP: 30/33 MP: 2/2
   818 | D:2      | Found a basalt altar of Yredelemnul.
  1289 | D:2      | Found a hazy altar of Hepliaklqana.
  1295 | D:2      | Found an iron altar of Okawaru.
  1295 | D:2      | Found a radiant altar of Vehumet.
  1296 | D:2      | Found a shattered altar of Ashenzari.
  1296 | D:2      | Found an ancient bone altar of Kikubaaqudgha.
  2045 | D:3      | Noticed Terence
  2049 | D:3      | Reached XP level 4. HP: 38/41 MP: 3/3
  2070 | D:3      | Killed Terence
  2271 | D:3      | Noticed traurg's ghost (amateur SpAs)
  2296 | D:3      | Killed traurg's ghost
  2296 | D:3      | Reached skill level 5 in Fighting
  2296 | D:3      | Reached skill level 5 in Unarmed Combat
  2296 | D:3      | Reached XP level 5. HP: 45/48 MP: 4/4
  2539 | D:4      | Found Omakojej's Jewellery Shoppe.
  2676 | D:4      | You fall through a shaft!
  2676 | D:5      | Entered Level 5 of the Dungeon
  2699 | D:5      | Noticed a phantom
  2700 | D:5      | Noticed Ijyb
  2730 | D:4      | Noticed Grinder
  2750 | D:4      | Paralysed by Grinder for 2 turns
  2762 | D:4      | Paralysed by Grinder for 2 turns
  2806 | D:4      | Killed Grinder
  2806 | D:4      | Reached skill level 6 in Unarmed Combat
  2806 | D:4      | Reached XP level 6. HP: 11/56 MP: 5/5
  3001 | D:4      | Reached XP level 7. HP: 38/59 MP: 6/6
  3547 | D:4      | Reached skill level 7 in Unarmed Combat
  3968 | D:4      | Reached XP level 8. HP: 71/73 MP: 7/7
  3974 | D:4      | Found an opulent altar of Gozag.
  3976 | D:4      | Found a sparkling altar of Nemelex Xobeh.
  4206 | D:5      | Killed Ijyb
  4427 | D:5      | Reached skill level 8 in Unarmed Combat
  4453 | D:5      | Noticed Pikel
  4468 | D:5      | HP: 3/74 [slave[Pikel] (5)]
  4468 | D:5      | HP: 1/74 [slave[Pikel] (2)]
  4469 | D:5      | Slain by a slave

Skill      XL: |  1  2  3  4  5  6  7  8 |
---------------+-------------------------+-----
Unarmed Combat | 4 5 6 7 8 |  8.0
Fighting       | 4 5 6 7 |  7.9
Dodging        | |  2.6
Stealth        | |  2.1

Action                   |  1- 3 |  4- 6 |  7- 9 || total
-------------------------+-------+-------+-------++-------
Melee: Unarmed           |   126 |   109 |   155 ||   390
       Punch             |       |       |     4 ||     4
Evoke: Wand              |       |    11 |     8 ||    19
  Use: Potion            |       |    11 |     4 ||    15
       Scroll            |       |     8 |     1 ||     9
 Stab: Sleeping          |     4 |       |       ||     4
       Invisible         |       |     1 |       ||     1
  Eat: Chunk             |     4 |     1 |    11 ||    16
Armor: Robe              |    30 |     1 |       ||    31
       Chain mail        |       |   128 |   100 ||   228
Dodge: Dodged            |   101 |    50 |    50 ||   201
